 Dungeon Crawl Stone Soup version 0.31.0 (webtiles) character file.

Game seed: 6059556415949138644

2405 SnakkuSnakku7 the Toxicologist (level 9, -1/56 (64) HPs)
             Began as a Formicid Cinder Acolyte on Jan 20, 2024.
             Was an Elder of Ignis.
             Slain by a wight
             ... wielding a +4 long sword of freezing
              (3 damage)
             ... on level 7 of the Dungeon.
             The game lasted 00:08:36 (5916 turns).

SnakkuSnakku7 the Toxicologist (FoCA)               Turns: 5916, Time: 00:08:36

HP:   -1/56 (64)    AC: 19    Str: 22    XL:     9   Next: 75%
MP:   10/10         EV:  9    Int: 17    God:    Ignis [****..]
Gold: 249           SH:  0    Dex:  9    Spells: 6/10 levels left

rFire   + . .        a - +0 war axe
rCold   . . .        (no shield)
rNeg    + . .        o - +5 scale mail "Pyint" {rN+ Int+2}
rPois   +            (helmet unavailable)
rElec   .            l - +0 cloak {rPois}
rCorr   .            (no gloves)
SInv    +            (no boots)
Will    .....        (no amulet) Stlth
                     (no ring)
HPRegen 0.29/turn    (no ring)
MPRegen 0.12/turn

%: no passive effects
@: fiery-armoured, heavily drained
A: permanent stasis, dig shafts and tunnels, antennae 3, four strong arms
a: Dig, Shaft Self, Renounce Religion, Fiery Armour, Foxfire Swarm, Rising Flame


You were on level 7 of the Dungeon.
You worshipped Ignis.
Ignis was greatly pleased with you.
You visited 2 branches of the dungeon, and saw 8 of its levels.

You collected 444 gold pieces.
You spent 195 gold pieces at shops.

Inventory:

Hand Weapons
 a - a +0 war axe (weapon)
 u - a -1 hand axe of flaming
Armour
 l - a +0 cloak of poison resistance (worn)
 o - the +5 scale mail "Pyint" (worn) {rN+ Int+2}
   (You found it on level 3 of the Dungeon)

   Int+2:     It affects your intelligence (+2).
   rN+:       It protects you from negative energy.
Jewellery
 v - a +4 ring of slaying
Talismans
 g - a talisman of death
Wands
 p - a wand of digging (6)
 r - a wand of flame (63)
Scrolls
 c - 4 scrolls of revelation {unknown}
 d - a scroll of silence {unknown}
 e - 2 scrolls of vulnerability {unknown}
 h - a scroll of torment {unknown}
 k - a scroll of fog {unknown}
 m - a scroll of amnesia {unknown}
 q - 2 scrolls of blinking {unknown}
 t - 2 scrolls of noise {unknown}
 y - a scroll of immolation {unknown}
 z - a scroll of poison {unknown}
 A - a scroll of enchant weapon
Potions
 i - 2 potions of heal wounds
 j - 2 potions of lignification
 n - a potion of resistance
 s - 2 potions of cancellation
 w - a potion of invisibility
 x - 3 potions of might
 B - 3 potions of mutation


   Skills:
 - Level 3.2 Fighting
 + Level 8.9 Axes
 - Level 1.1 Spellcasting
 - Level 3.0 Fire Magic
 - Level 12.0 Alchemy


You had 6 spell levels left.
You knew the following spells:

 Your Spells              Type           Power      Damage    Failure   Level
a - Olgreb's Toxic Radia  Alch           41%        N/A       4%          4

Your spell library contained the following spells:

 Spells                   Type           Power      Damage    Failure   Level
 Sting                    Conj/Alch      84%        1d8       4%          1
 Mercury Vapours          Alch/Air       42%        N/A       8%          2
 Scorch                   Fire           22%        2d5       26%         2
 Necrotise                Necr           0%         1d4       52%         1
 Static Discharge         Conj/Air       0%         3-3/arc   65%         2
 Vampiric Draining        Necr           0%         2d6       87%         3
 Airstrike                Air            0%         2d(0-16)  99%         4
 Martyr's Knell           Necr/Summ      0%         N/A       99%         4
 Summon Lightning Spire   Summ/Air       0%         N/A       99%         4
 Curse of Agony           Necr           0%         N/A       100%        5


Dungeon Overview and Level Annotations

Branches:
Dungeon (7/15)             Temple (1/1) D:4

Altars:
Cheibriados
Dithmenos
Elyvilon
Fedhas
Gozag
Hepliaklqana
Kikubaaqudgha
Makhleb
Nemelex Xobeh
Okawaru
Ru
Sif Muna
Trog
Uskayaw
Vehumet
Wu Jian
Yredelemnul
Lugonu

Shops:
D:4 (   D:5 !   D:6 (


Innate Abilities, Weirdness & Mutations

You cannot be hasted, slowed, berserked, paralysed or teleported.
You can dig through walls and to a lower floor.
You have a pair of large antennae on your head. (SInv)
Your four strong arms can wield two-handed weapons with a shield.


Message History

You closely miss the wight.
The wight is moderately damaged.
The wight hits you with a +3 halberd. You partially resist.
You feel drained.
You hit the wight but do no damage.
The wight is moderately damaged.
The wight hits you but does no damage.
You slash the wight!
The wight is severely damaged.
The wight closely misses you.
You closely miss the wight.
The wight is severely damaged.
The wight misses you.
You closely miss the wight.
The wight is severely damaged.
The wight hits you with a +3 halberd!
You barely miss the wight.
The wight is severely damaged.
The wight hits you with a +3 halberd. You partially resist.
You feel drained.
You closely miss the wight.
The wight is severely damaged.
The wight hits you with a +3 halberd!
You closely miss the wight.
The wight is severely damaged.
The wight closely misses you.
You slash the wight!
You destroy the wight!
A protective cloak of flame settles atop you.
The wight hits you with a +4 long sword of freezing!
* * * LOW HITPOINT WARNING * * *
You partially resist.
You feel drained. The wight freezes you.
* * * LOW HITPOINT WARNING * * *
You slash the wight!
The wight is almost destroyed.
The wight barely misses you.
You barely miss the wight.
The wight is almost destroyed.
The wight hits you with a +4 long sword of freezing!
* * * LOW HITPOINT WARNING * * *
The wight freezes you.
You die...

#.# #. #.#
#. #.# #.
#####.# #.
#)....# #.
#)##### ##
#.# ###
#.######
####..
#.@zz..#
#....#
######.#
#.##.#
#######.##.#
........##.#
#######.##.#
#..#.#
#....#
#.##.#
#.##.#


You could see 2 wights.

Vanquished Creatures
  Maurice (D:7)
  Menkaure (D:7)
  A water moccasin (D:7)
  2 sky beasts (D:7)
  A black bear (D:6)
  A centaur (D:5)
  A phantom (D:5)
  A bullfrog (D:7)
  4 scorpions
  A gnoll sergeant (D:5)
  3 wights (D:7)
  3 killer bees (D:7)
  A howler monkey (D:5)
  2 jellies
  2 orc priests
  3 hounds
  An iguana (D:7)
  A sleepcap (D:4)
  6 orc wizards
  9 gnolls (D:4)
  4 adders
  A shadow imp (D:5)
  6 white imps
  4 ufetubi
  3 dart slugs
  A ribbon worm (D:2)
  18 orcs
  8 ball pythons
  3 bats
  4 endoplasms
  6 giant cockroaches
  9 goblins
  8 hobgoblins
  4 jackals (D:1)
  A quokka (D:4)
  3 frilled lizards (D:1)
  7 kobolds
  7 rats
142 creatures vanquished.

Vanquished Creatures (others)
  26 foxfires (D:7)
26 creatures vanquished.

Grand Total: 168 creatures vanquished

Notes
Turn   | Place    | Note
-------+----------+-------------------------------------------
     0 | D:1      | SnakkuSnakku7 the Formicid Cinder Acolyte began the quest
                  | for the Orb.
     0 | D:1      | Reached XP level 1. HP: 18/18 MP: 2/2
    99 | D:1      | Reached XP level 2. HP: 9/24 MP: 3/3
   228 | D:1      | Reached XP level 3. HP: 26/29 MP: 4/4
   500 | D:2      | HP: 1/29 [poisoned by an adder]
   508 | D:2      | Reached XP level 4. HP: 15/35 MP: 5/5
   509 | D:2      | Found a faded altar of an unknown god.
   829 | D:2      | Reached skill level 5 in Axes
  1085 | D:3      | Identified the +5 scale mail "Pyint" {rN+ Int+2}
  1172 | D:3      | Found a shadowy altar of Dithmenos.
  1181 | D:3      | Identified the +7 dagger of the Shimmering Augurer {heavy,
                  | Str+3 Int+4}
  1246 | D:3      | Reached XP level 5. HP: 41/41 MP: 6/6
  1749 | D:4      | Found a staircase to the Ecumenical Temple.
  1802 | D:4      | Reached XP level 6. HP: 25/47 MP: 7/7
  1833 | Temple   | Entered the Ecumenical Temple
  2062 | D:4      | Found Suar's Weapon Boutique.
  2375 | D:4      | Reached XP level 7. HP: 33/52 MP: 8/8
  2639 | D:5      | Entered Level 5 of the Dungeon
  2699 | D:4      | Learned a level 4 spell: Olgreb's Toxic Radiance
  2715 | D:4      | Reached skill level 1 in Alchemy
  2871 | D:5      | Reached skill level 2 in Alchemy
  2902 | D:4      | Reached skill level 3 in Alchemy
  2975 | D:5      | Found Teathruwk's Distillery.
  2991 | D:5      | Reached skill level 4 in Alchemy
  3000 | D:5      | Reached XP level 8. HP: 56/58 MP: 9/9
  3125 | D:5      | Reached skill level 5 in Alchemy
  3183 | D:5      | Bought a potion of heal wounds for 75 gold pieces
  3183 | D:5      | Bought a potion of might for 60 gold pieces
  3183 | D:5      | Bought a potion of might for 60 gold pieces
  3427 | D:4      | Reached skill level 6 in Alchemy
  3620 | D:5      | Reached skill level 7 in Alchemy
  3859 | D:5      | Found an iron altar of Okawaru.
  3946 | D:5      | Found a radiant altar of Vehumet.
  4063 | D:6      | Found Sireow's Weapon Boutique.
  4134 | D:6      | Reached skill level 8 in Alchemy
  4275 | D:6      | Found Oneh's Antique Weapon Emporium.
  4323 | D:6      | Identified the +1 scale mail of Supple Strength {rC+}
  4502 | D:7      | Noticed Menkaure
  4509 | D:7      | Killed Menkaure
  4613 | D:7      | Reached skill level 9 in Alchemy
  4726 | D:7      | Reached XP level 9. HP: 57/64 MP: 10/10
  4805 | D:7      | Found an ornate altar of the Wu Jian Council.
  4818 | D:7      | Noticed Maurice
  4828 | D:7      | Maurice stole a +4 ring of slaying
  4831 | D:7      | Maurice stole a talisman of death
  4833 | D:7      | Maurice stole a -1 hand axe of flaming
  4835 | D:7      | Maurice stole 218 gold
  4842 | D:7      | Reached skill level 10 in Alchemy
  4864 | D:7      | Killed Maurice
  4865 | D:7      | Reached skill level 11 in Alchemy
  4896 | D:7      | Reached skill level 12 in Alchemy
  5067 | D:7      | Found a hazy altar of Hepliaklqana.
  5138 | D:7      | Identified the +3 leather armour of Unbearable Fun {Rampage
                  | *Corrode Regen+}
  5523 | D:7      | Found a burning altar of Makhleb.
  5524 | D:7      | Found a blossoming altar of Fedhas.
  5551 | D:7      | Found an ancient bone altar of Kikubaaqudgha.
  5916 | D:7      | HP: 2/56 [wight/+4 long sword of freezing (7)]
  5916 | D:7      | Slain by a wight

Illustrated notes

Levels and vault maps discovered:
D:1:      wheals_arrival_shading, layout_rooms, chequers_decorated_corner
D:2:      layout_rooms, shapermc_ecumenical_altar_mp_ritualfount
D:3:      layout_basic, mainiacjoe_overflow_small_starburst
D:4:      layout_basic, minmay_temple_entry_junction, serial_shops,
          nicolae_shop_behind_doors
D:5:      layout_rooms, okawaru_metal_pillars_1_2, vehumet_altar_wand_db,
          serial_shops, shop, minmay_between
D:6:      layout_cave_pools, serial_shops, nicolae_stop_n_shop_2, shop
D:7:      layout_basic, gammafunk_temple_overflow_forgotten,
          nicolae_overflow_crystal_walls, mainiacjoe_overflow_brackets,
          billiards_dpeg, uniq_maurice, uniq_menkaure
Temple:   corrupted_temple

Skill      XL: |  1  2  3  4  5  6  7  8  9 |
---------------+----------------------------+-----
Axes           | 4 5 6 7 8 |  8.9
Alchemy        | 4 9 12 | 12.0
Fighting       | |  3.2
Spellcasting   | |  1.1
Fire Magic     | |  3.0

Action                     |  1- 3 |  4- 6 |  7- 9 || total
---------------------------+-------+-------+-------++-------
  Melee: Hand axe          |    84 |   174 |    42 ||   300
         Punch             |       |     2 |     4 ||     6
         War axe           |       |       |   292 ||   292
   Cast: Olgreb's Toxic Ra |       |       |     3 ||     3
 Invoke: Fiery Armour      |     1 |       |     1 ||     2
         Foxfire Swarm     |       |       |     2 ||     2
Ability: Dig               |       |       |     2 ||     2
  Evoke: Wand              |       |       |     3 ||     3
    Use: Potion            |     2 |       |     2 ||     4
         Scroll            |       |       |     7 ||     7
 Armour: Robe              |    59 |    25 |       ||    84
         Scale mail        |       |    94 |   372 ||   466
  Dodge: Dodged            |    54 |    83 |   210 ||   347
         Form:             |       |     1 |       ||     1
         Death             |       |     1 |       ||     1
